 Seeded DCSS version 0.28-a0-1143-gcf6077d4cc (webtiles) character file.

Game seed: 12130800008223909736 (custom seed)

15572 croobank the Blocker (level 11, -2/92 HPs)
             Began as a Demigod Fighter on Dec 14, 2021.
             Slain by an orc warrior (3 damage)
             ... led by an orc knight
             ... on level 2 of the Orcish Mines.
             The game lasted 00:51:56 (7251 turns).

croobank the Blocker (Demigod Fighter)              Turns: 7251, Time: 00:51:59

Health: -2/92      AC: 23    Str: 29    XL:     11   Next: 71%
Magic:  14/14      EV: 10    Int: 10    God:
Gold:   615        SH: 15    Dex: 11    Spells: 10/10 levels left

rFire   + . .      SeeInvis .   B - +8 war axe of Uxzaprie {spect, rPois rN++ Dex-2}
rCold   x . .      Faith    .   k - +3 kite shield "Xecus" {Will+++}
rNeg    + + .      Spirit   .   L - +3 acid dragon scales
rPois   +          Reflect  .   (no helmet)
rElec   .          Harm     .   M - +0 cloak
rCorr   +          Rampage  .   Q - +2 pair of gloves
Will    ++++.      Clarity  +   (no boots)
Stlth   +.........              e - amulet of regeneration
HPRegen 1.05/turn               g - ring of fire
MPRegen 0.14/turn               K - ring of the Tortoise {AC+8}

@: no status effects
A: high mp 1, forlorn, divine attributes, clarity, wild magic 1
a: no special abilities


You were on level 2 of the Orcish Mines.
You visited 3 branches of the dungeon, and saw 14 of its levels.

You collected 3016 gold pieces.
You spent 2401 gold pieces at shops.

Inventory:

Hand Weapons
 b - a +0 vorpal hunting sling
 n - a +1 short sword of speed
 v - a +2 long sword of flaming
 B - the +8 war axe of Uxzaprie (weapon) {spect, rPois rN++ Dex-2}
   (You bought it in a shop on level 6 of the Dungeon)

   When its wielder attacks, the weapon's spirit leaps out and strikes again.
   The spirit shares a part of any damage it takes with its wielder.
   Dex:       It affects your dexterity (-2).
   rPois:     It protects you from poison.
   rN:        It greatly protects you from negative energy.
 F - a +5 short sword
Missiles
 f - 2 atropa-tipped darts (quivered)
 j - 155 stones
 s - 49 sling bullets
 y - 2 poisoned darts
 I - a curare-tipped dart
Armour
 k - the +3 kite shield "Xecus" (worn) {Will+++}
   (You acquired it on level 6 of the Dungeon)

   Will:      It greatly increases your willpower.
 u - a +1 robe of cold resistance
 L - +3 acid dragon scales (worn)
 M - a +0 cloak (worn)
 Q - a +2 pair of gloves (worn)
Jewellery
 e - an amulet of regeneration (around neck)
 g - a ring of fire (left hand)
 K - the ring of the Tortoise (right hand) {AC+8}
   (You bought it in a shop on level 6 of the Dungeon)

   [ring of protection]

   AC:        It affects your AC (+8).
Wands
 c - a wand of polymorph (9)
 d - a wand of iceblast (11)
 q - a wand of mindburst (7)
 H - a wand of paralysis (15)
Scrolls
 a - 3 scrolls of holy word {holy word, unknown}
 i - 10 scrolls of identify {identify}
 l - a scroll of acquirement {acquisition}
 o - 3 scrolls of immolation {immolation, unknown}
 p - a scroll of summoning {summoning, unknown}
 t - a scroll of fear {fear, unknown}
 w - a scroll of enchant weapon {enchant weapon, unknown}
 x - 3 scrolls of teleportation {teleport, unknown}
 z - 2 scrolls of fog {fog, unknown}
 D - a scroll of silence {silence, unknown}
 P - a scroll of magic mapping {magic mapping, unknown}
Potions
 h - 2 potions of flight {flight, unknown}
 m - a potion of brilliance {unknown}
 r - 3 potions of heal wounds {heal wounds}
 A - a potion of attraction {attraction, unknown}
 C - a potion of magic {magic, unknown}
 E - 2 potions of might
 G - 2 potions of curing {curing, unknown}
 J - 2 potions of mutation
 N - 3 potions of cancellation {cancellation, unknown}
 O - 2 potions of lignification {lignification, unknown}
 R - a potion of berserk rage
 S - a potion of haste {haste, unknown}


   Skills:
 + Level 7.5 Fighting
 * Level 5.5 Long Blades
 + Level 7.2 Axes
 + Level 7.4 Armour
 + Level 13.3 Shields


You had 10 spell levels left.
You didn't know any spells.
Your spell library contained the following spells:

 Spells                   Type           Power      Damage    Failure   Level
 Animate Skeleton         Necr           0%         N/A       58%         1
 Apportation              Tloc           0%         N/A       58%         1
 Summon Small Mammal      Summ           0%         N/A       58%         1
 Corpse Rot               Necr/Air       0%         N/A       71%         2
 Poisonous Vapours        Pois/Air       0%         N/A       71%         2
 Petrify                  Tmut/Erth      0%         N/A       100%        4
 Alistair's Intoxication  Tmut/Pois      0%         N/A       100%        5
 Fireball                 Conj/Fire      0%         3d3       100%        5
 Iskenderun's Battlesphe  Conj           0%         2d6       100%        5
 Metabolic Englaciation   Hex/Ice        0%         N/A       100%        5
 Conjure Ball Lightning   Conj/Air       0%         3x3d6     100%        6
 Statue Form              Tmut/Erth      0%         N/A       100%        6
 Orb of Destruction       Conj           0%         N/A       100%        7


Dungeon Overview and Level Annotations

Branches:
Dungeon (11/15)            Temple (1/1) D:4            Lair (0/6) D:10
    Orc (2/2) D:11
    Elf: Orc:2

Shops:
D:6 =*[(   D:7 **(   D:9 *

Annotations:
Orc:1 exclusion: oklob plant


Innate Abilities, Weirdness & Mutations

You have an increased reservoir of magic. (+10% MP)
You shall have no god before yourself.
Your divine heritage dramatically boosts your attributes as you level up.
You possess an exceptional clarity of mind.
Your spells are a little harder to cast, but a little more powerful.


Message History

The orc warrior completely misses you.
The orc knight roars a battlecry!
The orcs go into a battle-frenzy!
The orc high priest hits you but does no damage.
The orc warrior barely misses you. The warg barely misses you.
You block the orc's attack.
You barely miss the orc knight.
The orc knight is severely wounded.
You slash the warg! You hit the orc.
You kill the orc!
You hit the orc warrior.
Your +8 war axe of Uxzaprie {spect, rPois rN++ Dex-2} hits the warg!!
You kill the warg!
Your +8 war axe of Uxzaprie {spect, rPois rN++ Dex-2} hits the orc knight!
Your +8 war axe of Uxzaprie {spect, rPois rN++ Dex-2} hits the orc high priest!
The orc warrior hits you from afar with a +0 halberd!
The orc knight hits your +8 war axe of Uxzaprie {spect, rPois rN++ Dex-2} with a +1 war axe!!
Your spectral weapon shares its damage with you!
Your +8 war axe of Uxzaprie {spect, rPois rN++ Dex-2} fades away.
The orc knight hits you with a +1 war axe.
You block the orc warrior's attack. You block the orc high priest's attack.
The orc warrior hits you but does no damage. x2
The orc knight hits you but does no damage.
You block the orc warrior's attack. You block the orc high priest's attack.
The orc warrior hits you from afar with a +0 halberd!!
* * * LOW HITPOINT WARNING * * *
There is a stone staircase leading up, spattered with blood here.
You see here a +0 hand axe.
It was a potion of heal wounds {heal wounds}.
You feel much better. You block the orc knight's attack.
You block the orc warrior's attack. The orc high priest closely misses you.
You block the orc warrior's attack. The orc warrior closely misses you. x2
You block the orc knight's attack.
The orc warrior hits you from afar with a +0 glaive!!
* * * LOW HITPOINT WARNING * * *
The orc high priest hits you with a +0 trident.
* * * LOW HITPOINT WARNING * * *
You block the orc warrior's attack.
The orc warrior hits you with a +0 scimitar.
You die...

.........#..........
.......................#
.....................###
..............#...))##
.............#......##
.....................#
....................##
..........ooo........######
..........@)o..........##.#
..........oo...............
........................#.#
.......................####
.........................#.
.....#............#..#.....
.........................#.
...#................#...###
...........................


You could see an orc knight, an orc high priest (strong) and 4 orc warriors.

Vanquished Creatures
  Pikel (D:8)
  An ugly thing (D:11)
  2 orc sorcerers
  Joseph (D:10)
  Maggie (D:7)
  A komodo dragon (D:10)
  4 trolls
  Sigmund (D:5)
  A shadow (D:11)
  Eustachio (D:6)
  24 yaks
  A wyvern (D:10)
  A wraith (D:11)
  4 vampire mosquitoes (D:10)
  4 steam dragons
  A warg (Orc:2)
  A two-headed ogre zombie (D:11)
  Pargi (D:3)
  A water moccasin (D:10)
  An ice beast (D:7)
  3 orc warriors
  4 sky beasts
  5 black bears
  A necrophage (D:6)
  3 ogres
  2 centaurs
  A phantom (D:11)
  4 bullfrogs
  A wyvern zombie (D:8)
  A gnoll sergeant (D:7)
  A troll zombie (D:11)
  3 wights (D:7)
  A howler monkey (D:9)
  2 centaur zombies
  4 hounds
  2 jellies (D:6)
  A bullfrog skeleton (D:6)
  7 orc priests
  3 gnoll shamans
  Jessica (D:3)
  An iguana (D:6)
  9 orc wizards
  6 ogre zombies (D:11)
  A hound zombie (D:5)
  A howler monkey zombie (D:9)
  A howler monkey skeleton (D:7)
  29 gnolls
  4 adders
  A shadow imp (D:5)
  A white imp (D:6)
  An ufetubus (D:5)
  An adder zombie (D:5)
  2 worms
  4 dart slugs
  26 orcs
  3 endoplasms (D:1)
  2 giant cockroaches
  4 goblins
  5 hobgoblins
  4 kobolds
  3 quokkas
  2 ball pythons (D:2)
  3 bats
  2 frilled lizards
  A goblin zombie (D:11)
  2 hobgoblin zombies (D:11)
  An orc skeleton (D:11)
  20 orc zombies (D:11)
  3 rats
246 creatures vanquished.

Vanquished Creatures (others)
  39 fungi (D:10)
  46 plants
85 creatures vanquished.

Grand Total: 331 creatures vanquished

Notes
Turn   | Place    | Note
-------+----------+-------------------------------------------
     0 | D:1      | croobank the Demigod Fighter began the quest for the Orb.
     0 | D:1      | Reached XP level 1. HP: 18/18 MP: 3/3
   354 | D:1      | Reached XP level 2. HP: 25/25 MP: 4/4
   959 | D:2      | Reached skill level 3 in Shields
  1106 | D:2      | Reached XP level 3. HP: 21/31 MP: 5/5
  1572 | D:3      | Noticed Pargi
  1583 | D:3      | Killed Pargi
  1584 | D:3      | Reached XP level 4. HP: 26/38 MP: 6/6
  1814 | D:3      | Noticed Jessica
  1818 | D:3      | Killed Jessica
  1819 | D:3      | Reached XP level 5. HP: 39/45 MP: 7/7
  2538 | D:4      | Found a staircase to the Ecumenical Temple.
  2544 | Temple   | Entered the Ecumenical Temple
  2569 | D:4      | Noticed a black bear
  2576 | D:4      | Killed a black bear
  3156 | D:5      | Entered Level 5 of the Dungeon
  3176 | D:5      | Noticed a sky beast
  3186 | D:5      | Killed a sky beast
  3187 | D:5      | Reached skill level 4 in Shields
  3187 | D:5      | Reached XP level 6. HP: 43/52 MP: 8/8
  3246 | D:5      | Noticed Sigmund
  3248 | D:5      | Identified 4 scrolls of acquirement {acquisition}
  3248 | D:5      | Acquired 935 gold pieces
  3259 | D:5      | Killed Sigmund
  3359 | D:5      | Reached XP level 7. HP: 47/60 MP: 9/9
  3625 | D:6      | Found Ygyota's Weapon Shop.
  3635 | D:6      | Bought the +8 war axe of Uxzaprie {spect, rPois rN++ Dex-2}
                  | for 993 gold pieces
  3647 | D:6      | Found Hicsephi's Antique Armour Boutique.
  3695 | D:6      | Found Leclugu's Jewellery Shop.
  3713 | D:6      | Acquired the +3 kite shield "Xecus" {Will+++}
  3843 | D:6      | Reached skill level 5 in Shields
  3866 | D:6      | Reached skill level 5 in Fighting
  3917 | D:6      | Reached skill level 5 in Armour
  3927 | D:6      | Found Wetiomp's General Store.
  3931 | D:6      | Reached XP level 8. HP: 68/68 MP: 10/10
  3932 | D:6      | Noticed Eustachio
  3948 | D:6      | Killed Eustachio
  4122 | D:7      | Reached skill level 5 in Axes
  4122 | D:7      | Reached skill level 6 in Shields
  4141 | D:7      | Gained mutation: Your spells are a little harder to cast,
                  | but a little more powerful. [potion of mutation]
  4141 | D:7      | Gained mutation: You possess an exceptional clarity of
                  | mind. [potion of mutation]
  4303 | D:7      | Found Mijiuple's Assorted Antiques.
  4310 | D:7      | Acquired 1056 gold pieces
  4389 | D:7      | Found Hobu's Weapon Emporium.
  4452 | D:7      | Reached skill level 7 in Shields
  4455 | D:7      | Noticed Maggie
  4466 | D:7      | Killed Maggie
  4467 | D:7      | Reached XP level 9. HP: 45/75 MP: 11/11
  4543 | D:6      | Bought the ring of the Tortoise {AC+8} for 1408 gold pieces
  4543 | D:6      | Found the ring of the Tortoise {AC+8}
  4647 | D:7      | Found Sostroc's General Store.
  4677 | D:7      | Reached skill level 12 in Shields
  4677 | D:7      | Reached XP level 10. HP: 83/83 MP: 13/13
  4918 | D:8      | Noticed Pikel
  4923 | D:8      | Killed Pikel
  4967 | D:8      | Reached skill level 1 in Long Blades
  5479 | D:9      | Found Yqudeimu's Neck Hole.
  5916 | D:10     | Entered Level 10 of the Dungeon
  5957 | D:10     | Reached XP level 11. HP: 91/91 MP: 14/14
  5970 | D:10     | Noticed Joseph
  5979 | D:10     | Killed Joseph
  5980 | D:10     | Reached skill level 13 in Shields
  6117 | D:10     | Found a staircase to the Lair.
  6673 | D:11     | Found a staircase to the Orcish Mines.
  6684 | D:11     | Reached skill level 5 in Long Blades
  6729 | Orc:1    | Entered Level 1 of the Orcish Mines
  6876 | Orc:2    | Entered Level 2 of the Orcish Mines
  7217 | Orc:2    | Noticed an orc knight
  7235 | Orc:2    | Noticed an orc high priest
  7251 | Orc:2    | HP: 1/92 [orc high priest (6)]
  7251 | Orc:2    | Slain by an orc warrior

Illustrated notes

Levels and vault maps discovered:
D:1:      minmay_arrival_checkered_box, layout_basic, minmay_pentomino_q2
D:2:      layout_loops_cross
D:3:      layout_loops_corners, serial_bayou, serial_bayou_pond_c,
          serial_bayou_lagoon_b, serial_bayou_pond_c, serial_bayou_pond_e,
          uniq_pargi, uniq_jessica
D:4:      layout_basic, marbit_many_paths, minmay_temple_entry_enclosed_plants,
          hex_intersection
D:5:      layout_rooms, uniq_sigmund
D:6:      layout_rooms, serial_shops, shop, nicolae_diamond_shop,
          nicolae_shop_advertising_works [nicolae_subvault_shop_adworks], shop,
          chequers_serial_rivers_micro_a, uniq_eustachio
D:7:      layout_cave_pools, serial_gnoll_camp, gnoll_camp_mini_shop,
          gnoll_camp_mini_loothouse, gnoll_camp_mini_sergeant,
          gnoll_camp_mini_shop, serial_shops, kennysheep_little_box, uniq_maggie
D:8:      layout_basic, lemuel_round_altar, mainiacjoe_overflow_catwalk,
          uniq_pikel
D:9:      layout_cave_pools, nicolae_shop_sticking_my_neck_out
D:10:     layout_roguey, general_overflow_altar, due_lair_maze_entry_diamond,
          uniq_joseph
D:11:     minmay_quarter_circles, layout_small_grid, zombieorc2_lemuel,
          bh_hangedman_babel_library
Temple:   mainiacjoe_temple_coin_purse
Orc:1:    layout_caves, mines3_lemuel
Orc:2:    st_orc_town, layout_caves

Skill      XL: |  1  2  3  4  5  6  7  8  9 10 11 |
---------------+----------------------------------+-----
Axes           | 2 3 4 5 6 7 |  7.2
Fighting       | 3 4 5 6 7 |  7.5
Armour         | 3 4 5 6 7 |  7.4
Shields        | 3 4 5 7 12 13 | 13.3
Long Blades    | 3 5 |  5.5

Action                   |  1- 3 |  4- 6 |  7- 9 | 10-12 || total
-------------------------+-------+-------+-------+-------++-------
Melee: War axe           |    75 |     5 |   120 |   270 ||   470
       Hand axe          |    33 |       |       |       ||    33
       Short sword       |       |    85 |    20 |       ||   105
Throw: Dart              |     2 |    13 |    20 |     1 ||    36
  Use: Scroll            |     1 |     2 |     6 |     1 ||    10
       Potion            |     1 |     1 |     2 |     1 ||     5
 Stab: Distracted        |       |       |     1 |     3 ||     4
Armor: Scale mail        |    55 |    23 |    54 |       ||   132
       Acid dragon scale |       |       |       |    95 ||    95
Dodge: Dodged            |    50 |    32 |    68 |    77 ||   227
Block: Buckler           |    22 |    15 |    19 |       ||    56
       Kite shield       |       |       |    60 |   190 ||   250

Table legend: (Time is in decaauts)
 A = Elapsed time spent in this place.
 B = Non-inter-level travel time spent in this place.
 C = Inter-level travel time spent in this place.
 D = Time resting spent in this place.
 E = Time spent auto-exploring this place.
 F = Levels seen in this place.
 G = Mean time per level.
                   A        B        C        D        E       F      G
               +--------+--------+--------+--------+--------+-----+--------+
         Total |   7408 |   7157 |    251 |    159 |   4801 |  14 |  529.1 |
       Dungeon |   6879 |   6638 |    241 |    159 |   4506 |  11 |  625.4 |
        Temple |      1 |      1 |      0 |      0 |      0 |   1 |    1.0 |
  Orcish Mines |    527 |    518 |      9 |      0 |    295 |   2 |  263.5 |
               +--------+--------+--------+--------+--------+-----+--------+

Top non-repeatable levels by time:
     D:1: 949 daAuts
     D:3: 943 daAuts
     D:7: 768 daAuts
     D:4: 672 daAuts
     D:2: 654 daAuts
    D:10: 629 daAuts
     D:8: 595 daAuts
     D:6: 534 daAuts
     D:5: 460 daAuts
     D:9: 459 daAuts
   Orc:1: 419 daAuts
    D:11: 211 daAuts
   Orc:2: 108 daAuts
  Temple: 1 daAuts
